[Event "Titled Tuesday Blitz December 13 Early 2022"]
[White "Topalov, Aleksandar"]
[Black "Kleiman, Jake"]
[WhiteFideId "925659"]
[BlackFideId "2020041"]
[WhiteElo "2151"]
[BlackElo "2580"]
[Result "0-1"]
[Round "07"]
[TimeControl "180+1"]
[Date "2022.12.14"]
[WhiteClock "0:00:01"]
[BlackClock "0:00:16"]

1. b3 d5 2. Bb2 Bg4 3. g3 e6 4. Bg2 Nf6 5. Nf3 Be7 6. O-O O-O 7. d3 c5 8. Nbd2 Nc6 9. Ne5 Nxe5 10. Bxe5 Nd7 11. Bb2 Bf6 12. Bxf6 Nxf6 13. h3 Bh5 14. c4 Rb8 15. cxd5 exd5 16. Re1 Re8 17. g4 Bg6 18. e4 Qd6 19. Qc2 Rbd8 20. Rad1 b6 21. Qc3 Qf4 22. b4 h5 23. gxh5 Nxh5 24. bxc5 bxc5 25. Qxc5 Qh4 26. exd5 Nf4 27. Re3 Qg5 28. Rg3 Ne2+ 29. Kh2 Nxg3 30. fxg3 Re2 31. Ne4 Qxd5 32. Qxd5 Rxd5 33. Kg1 Ra5 34. Nc3 Rc2 35. Ne4 Raxa2 36. Bf3 a5 37. d4 Ra3 38. Bg2 Bxe4 39. Bxe4 Rxg3+ 40. Kf1 Rc8 41. d5 Rd8 42. d6 Re3 43. Bg2 Re6 44. d7 Kf8 45. h4 Ke7 46. Bh3 Re3 47. Kg2 a4 48. Rd4 a3 49. Ra4 g6 50. Kh2 f5 51. Kg2 Rxd7 52. Kf2 Rxh3 0-1


[Site "https://www.chess.com"]

[Event "Titled Tuesday Blitz December 13 Early 2022"]
[White "Torres Boch, Jose Francisco"]
[Black "Roque Sola, Gisela"]
[WhiteFideId "2278383"]
[BlackFideId "5120241"]
[WhiteElo "2073"]
[BlackElo "1961"]
[Result "0-1"]
[Round "07"]
[TimeControl "180+1"]
[Date "2022.12.14"]
[WhiteClock "0:00:05"]
[BlackClock "0:00:05"]

1. e4 c5 2. Nf3 Nc6 3. d4 cxd4 4. Nxd4 e5 5. Nb5 d6 6. N1c3 a6 7. Na3 Nf6 8. Nc4 b5 9. Ne3 Be6 10. g3 Nd4 11. Bg2 b4 12. Ncd5 Bxd5 13. exd5 Be7 14. O-O O-O 15. c3 bxc3 16. bxc3 Nb5 17. Bb2 Rb8 18. a4 Nc7 19. Bc1 a5 20. c4 Na6 21. Ba3 Nd7 22. Be4 Ndc5 23. Bc2 Nb4 24. Bxb4 Rxb4 25. Qg4 Bf6 26. Rab1 Qd7 27. Rxb4 Qxg4 28. Nxg4 axb4 29. Rb1 Rb8 30. Bb3 Bd8 31. Ne3 g6 32. Kf1 f5 33. Ke2 Bg5 34. Nc2 Bf6 35. f3 e4 36. g4 Bc3 37. gxf5 gxf5 38. Ne3 f4 39. Nf5 e3 40. Nxd6 Kf8 41. Nb5 Ke7 42. Bc2 Rg8 43. Bxh7 Rg2+ 44. Kf1 Rxh2 45. Bf5 e2+ 46. Kg1 Rh5 47. d6+ Kd8 48. Bg4 Re5 49. Na7 e1=Q+ 50. Rxe1 Rxe1+ 51. Kf2 Nd3+ 52. Kg2 Re2+ 53. Kh3 Nf2+ 54. Kh4 Nxg4 55. Kxg4 Rd2 56. c5 b3 57. Nb5 Bb4 58. a5 Bxc5 59. a6 b2 60. Nc3 Rxd6 61. Kxf4 Rxa6 62. Nb1 Ra1 0-1


[Site "https://www.chess.com"]

[Event "Titled Tuesday Blitz December 13 Early 2022"]
[White "Torres Cueto, Jesus Marcial"]
[Black "Derraugh, Geordie"]
[WhiteFideId "4415280"]
[BlackFideId "2603950"]
[WhiteElo "2022"]
[BlackElo "2082"]
[Result "0-1"]
[Round "07"]
[TimeControl "180+1"]
[Date "2022.12.14"]
[WhiteClock "0:00:12"]
[BlackClock "0:00:21"]

1. e4 e6 2. d3 d5 3. Nd2 Nc6 4. Ngf3 g5 5. h3 Qf6 6. Qe2 Nge7 7. e5 Qg6 8. c3 Bg7 9. d4 h6 10. g4 f6 11. exf6 Qxf6 12. Bg2 Ng6 13. Nf1 Nf4 14. Bxf4 gxf4 15. O-O-O Bd7 16. N1d2 O-O-O 17. Nb3 b6 18. a4 Kb8 19. a5 Rhe8 20. Rhe1 Re7 21. Ne5 Be8 22. Bf3 Qf8 23. axb6 cxb6 24. Kd2 Bxe5 25. dxe5 d4 26. Bxc6 dxc3+ 27. Kxc3 Bxc6 28. Rd6 Rc7 29. Qd2 Bd5+ 30. Kb4 Rxd6 31. exd6 Qxd6+ 32. Ka4 Rc4+ 0-1


[Site "https://www.chess.com"]

[Event "Titled Tuesday Blitz December 13 Early 2022"]
[White "Tsatsalashvili, Keti"]
[Black "Winterberg, Lukas"]
[WhiteFideId "13603434"]
[BlackFideId "24622702"]
[WhiteElo "2220"]
[BlackElo "2350"]
[Result "1-0"]
[Round "07"]
[TimeControl "180+1"]
[Date "2022.12.14"]
[WhiteClock "0:00:05"]
[BlackClock "0:00:06"]

1. d4 Nf6 2. c4 e6 3. Nf3 d5 4. Nc3 Be7 5. Bg5 O-O 6. e3 h6 7. Bh4 b6 8. cxd5 Nxd5 9. Bxe7 Qxe7 10. Nxd5 exd5 11. Rc1 Bb7 12. Bd3 c5 13. O-O Nd7 14. Qe2 Rfd8 15. Ba6 Bxa6 16. Qxa6 Nf6 17. dxc5 bxc5 18. Rfd1 Rac8 19. b3 Rd6 20. Qa3 Rdc6 21. Rc2 Kf8 22. h3 c4 23. Qxe7+ Kxe7 24. Nd4 R6c7 25. bxc4 Rxc4 26. Rb2 R8c7 27. Nf5+ Kf8 28. Rb8+ Rc8 29. Rdb1 g6 30. Nd6 Rc1+ 31. Rxc1 Rxb8 32. Rc7 Ne4 33. Nxe4 dxe4 34. Rxa7 Rb1+ 35. Kh2 Rb2 36. Kg3 Kg7 37. f3 exf3 38. gxf3 h5 39. a4 g5 40. h4 gxh4+ 41. Kxh4 Rb3 42. Re7 Kg6 43. Re4 f5 44. Re6+ Kf7 45. Re5 Kf6 46. f4 Rb1 47. a5 Rh1+ 48. Kg3 Rg1+ 49. Kf2 Rg8 50. a6 h4 51. Ra5 h3 52. Ra1 Rg2+ 53. Kf3 Rg8 54. Rh1 Ra8 55. Ra1 Rg8 56. a7 h2 57. Kf2 Ke6 58. Ra6+ Kd5 59. Rh6 Ra8 60. Rxh2 Rxa7 61. Kf3 Rf7 62. Rh6 Rf8 63. Ra6 Rf7 64. Ra5+ Ke6 65. Ra6+ Kd5 66. Ra5+ Ke6 67. Kg3 Rg7+ 68. Kf2 Rf7 69. Ke2 Rf8 70. Re5+ Kf6 71. Kd3 Rd8+ 72. Kc4 Rd7 73. Rd5 Re7 74. Kd4 Rb7 75. Rd6+ Ke7 76. Ke5 Rb3 77. Ra6 Rb5+ 78. Kd4 Kf7 79. Rc6 Ke7 80. Rc5 Rb4+ 81. Ke5 Re4+ 82. Kxf5 Rb4 83. Re5+ Kf7 84. e4 Rb1 85. Ra5 Rh1 86. Ra7+ Ke8 87. e5 Rh5+ 88. Kg6 Rh6+ 89. Kxh6 1-0


[Site "https://www.chess.com"]

[Event "Titled Tuesday Blitz December 13 Early 2022"]
[White "Tymrakiewicz, Rafal"]
[Black "Martinez Ramirez, Lennis"]
[WhiteFideId "1108832"]
[BlackFideId "3509079"]
[WhiteElo "2139"]
[BlackElo "2439"]
[Result "0-1"]
[Round "07"]
[TimeControl "180+1"]
[Date "2022.12.14"]
[WhiteClock "0:00:01"]
[BlackClock "0:00:33"]

1. e4 c5 2. c3 Nc6 3. d4 d5 4. exd5 Qxd5 5. Nf3 Bg4 6. Nbd2 cxd4 7. Bc4 Qd7 8. cxd4 e6 9. h3 Bh5 10. O-O Nf6 11. Qa4 Be7 12. Bb5 O-O 13. Ne5 Qc7 14. Ndf3 Nb4 15. Bf4 Bxf3 16. gxf3 Nbd5 17. Rac1 Qb6 18. Be3 a6 19. Bd3 Qxb2 20. Rb1 b5 21. Bxb5 Qa3 22. Qxa3 Bxa3 23. Bc6 Rab8 24. Bxd5 Nxd5 25. Nd7 Rxb1 26. Rxb1 Rd8 27. Rb8 Rxb8 28. Nxb8 a5 29. Nc6 Bb4 30. Kf1 Nc3 31. Nxb4 axb4 32. Ke1 Nxa2 33. Kd2 b3 34. d5 exd5 35. Bd4 f6 36. Bb2 Kf7 37. Kd3 Ke6 38. Kd4 Kd6 39. Ba3+ Kc6 40. f4 g6 41. h4 h5 42. f5 gxf5 43. f4 Nb4 44. Kc3 Nc2 45. Be7 Nd4 46. Bxf6 Ne2+ 47. Kxb3 Nxf4 48. Kc3 Ne6 49. Be5 Kc5 50. Kd3 d4 0-1


[Site "https://www.chess.com"]

[Event "Titled Tuesday Blitz December 13 Early 2022"]
[White "Vianello, Enrico"]
[Black "La Villa Rivas, Marlon Javier"]
[WhiteFideId "810738"]
[BlackFideId "3519546"]
[WhiteElo "2081"]
[BlackElo "2135"]
[Result "0-1"]
[Round "07"]
[TimeControl "180+1"]
[Date "2022.12.14"]
[WhiteClock "0:02:18"]
[BlackClock "0:02:34"]

1. d4 Nf6 2. Nf3 e6 3. Bf4 d5 4. e3 c5 5. c3 Nc6 6. Bd3 c4 7. Bc2 Bd6 8. Nbd2 Bxf4 9. exf4 O-O 10. O-O b5 11. a4 b4 12. Re1 Rb8 13. Ne5 Na5 14. Qf3 bxc3 15. bxc3 Rb2 16. Rac1 Bd7 17. g4 Nb3 18. Nxb3 cxb3 19. Bb1 Bxa4 20. g5 Nd7 21. Re3 Nxe5 0-1


[Site "https://www.chess.com"]

[Event "Titled Tuesday Blitz December 13 Early 2022"]
[White "Vlassov, Nikolai"]
[Black "Harshavardhan G B"]
[WhiteFideId "4103360"]
[BlackFideId "25059009"]
[WhiteElo "2324"]
[BlackElo "2323"]
[Result "1/2-1/2"]
[Round "07"]
[TimeControl "180+1"]
[Date "2022.12.14"]
[WhiteClock "0:00:04"]
[BlackClock "0:00:12"]

1. e4 e5 2. Bc4 Nf6 3. d3 c6 4. Nf3 d5 5. Bb3 Bd6 6. Nc3 d4 7. Ne2 h6 8. O-O O-O 9. c3 c5 10. cxd4 cxd4 11. Ng3 Nc6 12. Nh4 Bg4 13. f3 Be6 14. Nhf5 Ne7 15. Nxd6 Qxd6 16. f4 Nc6 17. fxe5 Nxe5 18. Rxf6 gxf6 19. Bxh6 Rfc8 20. Qh5 Ng6 21. Rf1 Bxb3 22. axb3 Rc5 23. Nf5 Qe6 24. Bd2 Qc8 25. Bb4 b6 26. Bxc5 bxc5 27. h4 Qf8 28. Qg4 Kh7 29. Rf3 Rb8 30. Rg3 Rxb3 31. h5 Ne5 32. Qf4 Rxd3 33. Rg7+ Qxg7 34. Nxg7 Kxg7 35. h6+ Kg6 36. h7 Kxh7 37. Kh2 Kg7 38. g3 Rb3 39. Kh3 Rxb2 40. Qf5 Rb3 41. Kg2 Rc3 42. g4 Ng6 43. Kf2 Re3 44. g5 fxg5 45. Qxg5 Rxe4 46. Qxc5 Rf4+ 47. Kg3 a6 48. Qd6 Kh6 49. Qxa6 Kg5 50. Qb5+ f5 51. Qd5 Rg4+ 52. Kf3 Re4 53. Qd8+ Kh6 54. Qf6 Kh5 55. Kf2 Rf4+ 56. Ke2 Kh6 57. Kd2 Rf3 58. Qd6 Kh5 59. Qxd4 f4 60. Qf6 Nh4 61. Qe5+ Kg4 62. Qg7+ Kh3 63. Qd7+ Kg3 64. Qg7+ Kh2 65. Ke2 Rg3 66. Qf7 f3+ 67. Kf2 Rg2+ 68. Kf1 Rg3 69. Qf4 Kh3 70. Qe5 Rg4 71. Qe6 Kg3 72. Qe5+ Kh3 73. Qe6 Ng2 74. Qh6+ Nh4 75. Qe6 1/2-1/2


[Site "https://www.chess.com"]

[Event "Titled Tuesday Blitz December 13 Early 2022"]
[White "Vokhidov, Shamsiddin"]
[Black "Fier, Alexandr"]
[WhiteFideId "14204223"]
[BlackFideId "2107139"]
[WhiteElo "2597"]
[BlackElo "2612"]
[Result "1-0"]
[Round "07"]
[TimeControl "180+1"]
[Date "2022.12.13"]
[WhiteClock "0:01:02"]
[BlackClock "0:02:14"]

1. e4 c6 2. d4 d5 3. Nc3 dxe4 4. Nxe4 Bf5 5. Ng3 Bg6 6. h4 h6 7. Nf3 e6 8. Ne5 Bh7 9. Bd3 Bxd3 10. Qxd3 Nd7 11. Bf4 Nxe5 12. Bxe5 Nf6 13. O-O-O Ng4 14. Qe2 Nxe5 15. dxe5 Qa5 16. Kb1 Rd8 17. Rxd8+ Qxd8 18. Ne4 Qa5 19. Rd1 Be7 20. Nd6+ Bxd6 21. exd6 Kd7 22. Qg4 Qe5 23. a3 Rd8 24. Qf3 Ke8 25. Qd3 Rd7 26. g3 Kf8 27. c4 c5 28. f4 Qf5 29. Qxf5 exf5 30. b4 b6 31. Kc2 f6 32. Kb3 Kf7 33. Ka4 Ke6 34. bxc5 bxc5 35. Kb5 Rxd6 36. Rxd6+ Kxd6 37. h5 1-0


[Site "https://www.chess.com"]

[Event "Titled Tuesday Blitz December 13 Early 2022"]
[White "Volkov, Maksim"]
[Black "Mazurkiewicz, Michal"]
[WhiteFideId "54123070"]
[BlackFideId "1124943"]
[WhiteElo "2257"]
[BlackElo "2081"]
[Result "1-0"]
[Round "07"]
[TimeControl "180+1"]
[Date "2022.12.14"]
[WhiteClock "0:02:18"]
[BlackClock "0:00:02"]

1. d4 Nf6 2. c4 e5 3. dxe5 Ng4 4. e3 Nxe5 5. Nh3 d5 6. cxd5 Bxh3 7. gxh3 Bd6 8. Nc3 Nbd7 9. Bg2 O-O 10. O-O f5 11. Ne2 Qh4 12. Nf4 Rae8 13. Bd2 Nc4 14. Bc3 Bxf4 15. Qd4 Bxh2+ 16. Kxh2 Qxd4 17. Bxd4 f4 18. Rac1 Nd2 19. Rfd1 fxe3 20. Bxe3 Ne4 21. Bxe4 Rxe4 22. Rxc7 Ne5 23. d6 Rxe3 24. fxe3 Rf2+ 25. Kg3 Rf3+ 26. Kg2 Rxe3 27. d7 Re2+ 28. Kf1 Rd2 29. Rxd2 1-0


[Site "https://www.chess.com"]

[Event "Titled Tuesday Blitz December 13 Early 2022"]
[White "Winkels, Marcel"]
[Black "Szyszylo, Rafal"]
[WhiteFideId "1003887"]
[BlackFideId "1109626"]
[WhiteElo "1900"]
[BlackElo "1981"]
[Result "1-0"]
[Round "07"]
[TimeControl "180+1"]
[Date "2022.12.14"]
[WhiteClock "0:00:06"]
[BlackClock "0:00:06"]

1. d4 d6 2. Bf4 g6 3. e4 Bg7 4. Nc3 Nc6 5. Nf3 Bg4 6. d5 Nd4 7. Be2 Nxe2 8. Qxe2 Nf6 9. h3 Bxf3 10. Qxf3 O-O 11. O-O-O b5 12. g4 b4 13. Ne2 Nd7 14. Nd4 Ne5 15. Bxe5 dxe5 16. Nc6 Qd6 17. h4 a5 18. h5 e6 19. Qh3 g5 20. h6 Bf6 21. Qe3 exd5 22. exd5 e4 23. Rh5 Rfe8 24. Rd4 Qf4 25. Rd1 Qxg4 26. Rh3 Qf4 27. Qxf4 gxf4 28. Rg1+ Kh8 29. Rg4 Rg8 30. Rxg8+ Rxg8 31. Kd2 Rg2 32. Ke2 e3 33. Rf3 Bg5 34. Nxa5 Bxh6 35. Nc6 Bg5 36. Nxb4 h5 37. Nd3 h4 38. Nxf4 exf2 39. Nxg2 Kg7 40. Kxf2 Bc1 41. b3 Kg6 42. c4 Kg5 43. Nxh4 Kxh4 44. Rxf7 Ba3 45. Rxc7 Kg5 46. c5 Kf6 47. d6 Ke6 48. d7 Ke7 49. c6 Bc5+ 50. Kf3 Bb6 51. Rc8 Ba5 52. b4 Bb6 53. b5 Ba5 54. a4 Bb6 55. Ra8 Bc7 56. a5 Kd6 57. b6 Bxb6 58. axb6 Kc5 59. d8=Q Kb5 60. c7 Kc4 61. Ra1 1-0


[Site "https://www.chess.com"]

[Event "Titled Tuesday Blitz December 13 Early 2022"]
[White "Xiong, Jeffery"]
[Black "Xu, Yi"]
[WhiteFideId "2047640"]
[BlackFideId "8605564"]
[WhiteElo "2726"]
[BlackElo "2471"]
[Result "1-0"]
[Round "07"]
[TimeControl "180+1"]
[Date "2022.12.13"]
[WhiteClock "0:01:27"]
[BlackClock "0:00:04"]

1. e4 c5 2. Nf3 d6 3. Nc3 Nc6 4. d4 cxd4 5. Nxd4 Nf6 6. Bg5 e6 7. Qd3 Bd7 8. O-O-O a6 9. f4 Be7 10. Nf3 h6 11. Bxf6 gxf6 12. Kb1 b5 13. Qe3 b4 14. Ne2 Qa5 15. Nc1 h5 16. Bc4 Rb8 17. Rhe1 Qb6 18. Qe2 a5 19. f5 a4 20. fxe6 fxe6 21. Nd3 a3 22. Nf4 Kf7 23. Rf1 Qc5 24. e5 Nxe5 25. Bxe6+ Bxe6 26. Ng5+ Ke8 27. Ngxe6 Qc6 28. Nd5 b3 29. cxb3 axb2 30. Ng7+ Kf7 31. Nxh5 Rxb3 32. axb3 Ra8 33. Qxb2 1-0


[Site "https://www.chess.com"]

[Event "Titled Tuesday Blitz December 13 Early 2022"]
[White "Yeremyan, Alen"]
[Black "Chernomordik, Pavel"]
[WhiteFideId "13308998"]
[BlackFideId "2804530"]
[WhiteElo "2159"]
[BlackElo "2193"]
[Result "0-1"]
[Round "07"]
[TimeControl "180+1"]
[Date "2022.12.14"]
[WhiteClock "0:02:42"]
[BlackClock "0:01:26"]

1. g3 g6 2. Bg2 Bg7 3. e4 d6 4. Ne2 Nf6 5. O-O O-O 6. d3 c5 7. Nbc3 Nc6 8. h3 Rb8 9. f4 b5 10. e5 Nxe5 11. Be4 Nxe4 12. Nxe4 Nc6 13. Kh2 b4 14. Be3 Bxb2 15. g4 f5 16. Ng5 fxg4 17. Qe1 h6 18. Ne4 Kh7 19. Qh4 Bxa1 20. Rxa1 e5 21. f5 Qxh4 0-1


[Site "https://www.chess.com"]

[Event "Titled Tuesday Blitz December 13 Early 2022"]
[White "Yuan, Qingyu"]
[Black "Czopor, Maciej"]
[WhiteFideId "8609772"]
[BlackFideId "21805431"]
[WhiteElo "2359"]
[BlackElo "2324"]
[Result "0-1"]
[Round "07"]
[TimeControl "180+1"]
[Date "2022.12.14"]
[WhiteClock "0:00:02"]
[BlackClock "0:00:35"]

1. e4 g6 2. d4 c6 3. Nf3 Bg7 4. h3 d5 5. e5 f6 6. Bd3 Nh6 7. O-O O-O 8. Re1 fxe5 9. Nxe5 Nf7 10. Nf3 Nd7 11. c4 Nb6 12. cxd5 cxd5 13. Nc3 e6 14. Bf4 Bd7 15. Qd2 Rc8 16. b3 Qe7 17. Rac1 Qb4 18. Bf1 Qe7 19. Nb5 Bxb5 20. Bxb5 a6 21. Bd3 Qd7 22. Re2 Rxc1+ 23. Qxc1 Nc8 24. h4 Ncd6 25. h5 gxh5 26. Qb1 Nf5 27. Qe1 Nd8 28. Ne5 Qe8 29. Bxf5 Rxf5 30. Bg3 Bf6 31. Nf3 Qe7 32. Qb1 Nc6 33. Qd3 h4 34. Bh2 h3 35. gxh3 Qg7+ 36. Kf1 Nxd4 37. Nxd4 Bxd4 38. Bg3 Kf7 39. Kg2 h5 40. h4 Qg4 41. Re1 Rxf2+ 42. Kg1 Rd2+ 43. Kh1 Rxd3 44. Rf1+ Ke8 45. Bh2 Qe4+ 0-1


[Site "https://www.chess.com"]

[Event "Titled Tuesday Blitz December 13 Early 2022"]
[White "Yurasova, Daria"]
[Black "Ciuffoletti, Paolo"]
[WhiteFideId "34146919"]
[BlackFideId "807630"]
[WhiteElo "2098"]
[BlackElo "2143"]
[Result "1-0"]
[Round "07"]
[TimeControl "180+1"]
[Date "2022.12.14"]
[WhiteClock "0:00:57"]
[BlackClock "0:00:18"]

1. d4 d5 2. c4 c6 3. Nf3 Nf6 4. Qc2 g6 5. Bf4 Bg7 6. e3 O-O 7. Nc3 c5 8. dxc5 Qa5 9. Be2 dxc4 10. Bxc4 Qxc5 11. Qb3 Nc6 12. Qb5 Qxb5 13. Bxb5 Bd7 14. O-O a6 15. Ba4 b5 16. Bb3 Na5 17. Ne5 Nxb3 18. axb3 Be6 19. b4 Rfd8 20. Nc6 Rd7 21. Nd4 Bc4 22. Rfd1 Nd5 23. Nxd5 Rxd5 24. Nc6 Kf8 25. Rxd5 Bxd5 26. Ne5 Rc8 27. h4 f6 28. Nd7+ Kf7 29. Nb6 Rd8 30. Rd1 e5 31. Bg3 Ke6 32. e4 1-0


[Site "https://www.chess.com"]

[Event "Titled Tuesday Blitz December 13 Early 2022"]
[White "Zaichenko, Daria"]
[Black "Andreassen, Lars"]
[WhiteFideId "4197453"]
[BlackFideId "1504878"]
[WhiteElo "2039"]
[BlackElo "2119"]
[Result "1-0"]
[Round "07"]
[TimeControl "180+1"]
[Date "2022.12.14"]
[WhiteClock "0:00:28"]
[BlackClock "0:00:01"]

1. e4 g6 2. d4 Bg7 3. f4 d6 4. Nf3 c5 5. d5 a6 6. c4 Nf6 7. Nc3 O-O 8. Bd3 b5 9. O-O bxc4 10. Bxc4 Nbd7 11. e5 dxe5 12. Nxe5 Nb6 13. Nc6 Qc7 14. b3 Bg4 15. Qe1 Rfe8 16. Ba3 Nfd7 17. h3 Bf5 18. g4 Nxc4 19. bxc4 Bd3 20. Rf3 Bxc4 21. Nxe7+ Kf8 22. Ne4 f5 23. d6 Qb7 24. Nd2 Bd4+ 25. Kh2 fxg4 26. Qh4 g3+ 27. Rxg3 Bg8 28. f5 Bxa1 29. Rf3 Be5+ 30. Kg1 Bf6 31. Qh6+ Bg7 32. Qf4 Be5 33. Qg4 Nf6 34. fxg6 Qxf3 35. Qxf3 1-0


[Site "https://www.chess.com"]

[Event "Titled Tuesday Blitz December 13 Early 2022"]
[White "Zaksaite, Salomeja"]
[Black "Bongo Akanga Ndjila, Barthelemy"]
[WhiteFideId "12801496"]
[BlackFideId "10609431"]
[WhiteElo "2079"]
[BlackElo "1768"]
[Result "1-0"]
[Round "07"]
[TimeControl "180+1"]
[Date "2022.12.14"]
[WhiteClock "0:01:20"]
[BlackClock "0:01:07"]

1. e4 c6 2. d4 d5 3. exd5 cxd5 4. Bd3 Nc6 5. c3 Nf6 6. h3 e5 7. dxe5 Nxe5 8. Nf3 Nxd3+ 9. Qxd3 h6 10. O-O Be7 11. Be3 O-O 12. Nbd2 b6 13. Nb3 a5 14. Rfe1 a4 15. Nbd4 a3 16. b3 Ba6 17. Qc2 Rc8 18. Nf5 Ne4 19. Bd4 Bf6 20. Rad1 Bxd4 21. Rxd4 Rxc3 22. Qd1 Rxf3 23. gxf3 Ng5 24. Ne7+ Kh8 25. Rxd5 Qc7 26. Rxg5 hxg5 27. f4 g6 28. Qd4+ Kh7 29. fxg5 Rh8 30. Nd5 Qd8 31. Nf6+ Kg7 32. Ne8+ 1-0


[Site "https://www.chess.com"]

[Event "Titled Tuesday Blitz December 13 Early 2022"]
[White "Zemlyanskii, Ivan"]
[Black "Forgacs, Attila Jr."]
[WhiteFideId "24249971"]
[BlackFideId "773654"]
[WhiteElo "2107"]
[BlackElo "2168"]
[Result "0-1"]
[Round "07"]
[TimeControl "180+1"]
[Date "2022.12.14"]
[WhiteClock "0:00:00"]
[BlackClock "0:00:03"]

1. d4 Nf6 2. c4 d6 3. Nf3 g6 4. Nc3 Bg7 5. e4 O-O 6. Be2 Nbd7 7. O-O e5 8. Qc2 Ne8 9. Rd1 f5 10. Bg5 Bf6 11. Bh6 Ng7 12. Nd5 fxe4 13. Qxe4 exd4 14. Nxf6+ Qxf6 15. Qxd4 Qxd4 16. Nxd4 Nc5 17. Bf3 c6 18. Nc2 Bf5 19. Ne3 Rad8 20. Bf4 Bc2 21. Rxd6 Be4 22. b4 Bxf3 23. bxc5 Be4 24. Bg5 Rde8 25. Rad1 Ne6 26. Bh6 Rf7 27. Ng4 Bf5 28. Ne5 Rfe7 29. Nd7 Kf7 30. Be3 Nf4 31. g3 Ne2+ 32. Kf1 Nc3 33. R1d4 Ne4 34. Bf4 Nxd6 35. Ne5+ Rxe5 36. Bxe5 Rxe5 37. cxd6 Bd7 0-1


[Site "https://www.chess.com"]

[Event "Titled Tuesday Blitz December 13 Early 2022"]
[White "Zhigalko, Sergei"]
[Black "Ashraf, Artin"]
[WhiteFideId "13502956"]
[BlackFideId "22514805"]
[WhiteElo "2854"]
[BlackElo "2659"]
[Result "1-0"]
[Round "07"]
[TimeControl "180+1"]
[Date "2022.12.14"]
[WhiteClock "0:01:13"]
[BlackClock "0:00:56"]

1. e4 d6 2. d4 Nf6 3. Nc3 e5 4. Nf3 exd4 5. Qxd4 Nc6 6. Bb5 Bd7 7. Bxc6 Bxc6 8. Bg5 Be7 9. O-O-O h6 10. Bh4 O-O 11. Rhe1 Nd7 12. Bxe7 Qxe7 13. Qd2 Ne5 14. Nd4 Qf6 15. f4 Nc4 16. Qf2 Rfe8 17. b3 Nb6 18. g4 Nd7 19. h4 Nc5 20. g5 Qg6 21. h5 Qxh5 22. Rh1 Qg6 23. Nxc6 bxc6 24. gxh6 Nxe4 25. Nxe4 Qxe4 26. hxg7 Kxg7 27. Rdg1+ Kf8 28. Rh8+ Ke7 29. Re1 1-0


[Site "https://www.chess.com"]

[Event "Titled Tuesday Blitz December 13 Early 2022"]
[White "Aizpurua, Patrick Emilio"]
[Black "Yuan, Qingyu"]
[WhiteFideId "6600522"]
[BlackFideId "8609772"]
[WhiteElo "2378"]
[BlackElo "2359"]
[Result "0-1"]
[Round "08"]
[TimeControl "180+1"]
[Date "2022.12.14"]
[WhiteClock "0:00:11"]
[BlackClock "0:00:19"]

1. d4 Nf6 2. Nf3 d5 3. c4 e6 4. Nc3 c5 5. cxd5 Nxd5 6. e4 Nxc3 7. bxc3 cxd4 8. cxd4 Bb4+ 9. Bd2 Bxd2+ 10. Qxd2 O-O 11. Bc4 Nd7 12. O-O b6 13. Rfe1 Bb7 14. Rad1 Rc8 15. Bb3 h6 16. h3 Nf6 17. Qf4 Qc7 18. Qh4 Rfd8 19. d5 exd5 20. e5 Ne4 21. Nd4 Qxe5 22. f3 Qf6 23. Qg4 Nc5 24. Bc2 Re8 25. Nb5 a6 26. Nd4 g6 27. Nf5 h5 28. Qf4 gxf5 29. Bxf5 Kh8 30. g4 Rxe1+ 31. Rxe1 Nd3 32. g5 Rg8 33. Kf1 Nxf4 34. gxf6 d4 35. Re7 Bd5 36. Ke1 Bxa2 37. Re4 Nd5 38. Rxd4 Nxf6 39. Rd6 Re8+ 40. Kf2 Be6 41. Rxb6 Nd5 42. Rd6 Bxf5 43. Rxd5 Bg6 44. Rd6 Re6 0-1


[Site "https://www.chess.com"]

[Event "Titled Tuesday Blitz December 13 Early 2022"]
[White "Akylbekov, Nasyr"]
[Black "Stanisz, Patryk"]
[WhiteFideId "13800353"]
[BlackFideId "1123106"]
[WhiteElo "2310"]
[BlackElo "2069"]
[Result "1-0"]
[Round "08"]
[TimeControl "180+1"]
[Date "2022.12.14"]
[WhiteClock "0:02:27"]
[BlackClock "0:00:44"]

1. e4 c5 2. Nf3 Nc6 3. Nc3 Nf6 4. d4 cxd4 5. Nxd4 e5 6. Nxc6 bxc6 7. Bd3 Bb4 8. O-O h6 9. Ne2 O-O 10. Ng3 d5 11. Qe2 Re8 12. h3 a5 13. a3 Bc5 14. Be3 d4 15. Bd2 Bd6 16. b4 axb4 17. axb4 Be6 18. c3 c5 19. b5 c4 20. Bxc4 Bxc4 21. Qxc4 Rc8 22. Qd3 dxc3 23. Bxc3 Bc5 24. Qxd8 Rexd8 25. Bxe5 Nd7 26. Bf4 g5 27. Bc1 Ne5 28. Nf5 Kh7 29. Be3 Rd3 30. Bxc5 Rxc5 31. Rab1 Rc7 32. b6 Rb7 33. Rfc1 1-0


[Site "https://www.chess.com"]

[Event "Titled Tuesday Blitz December 13 Early 2022"]
[White "Aldokhin, Ivan"]
[Black "Albertini, Luca"]
[WhiteFideId "24115720"]
[BlackFideId "847038"]
[WhiteElo "2313"]
[BlackElo "2207"]
[Result "1-0"]
[Round "08"]
[TimeControl "180+1"]
[Date "2022.12.14"]
[WhiteClock "0:00:04"]
[BlackClock "0:00:05"]

1. e4 e5 2. Nf3 Nc6 3. Bb5 a6 4. Ba4 Nf6 5. O-O b5 6. Bb3 Be7 7. d4 d6 8. c3 O-O 9. Re1 Bg4 10. d5 Na5 11. Bc2 c5 12. Nbd2 Ne8 13. Nf1 f5 14. exf5 Bxf5 15. Bxf5 Rxf5 16. Ng3 Rf8 17. Ne4 Nb7 18. b4 c4 19. a4 Nc7 20. Be3 Qd7 21. Bb6 Rae8 22. Bxc7 Qxc7 23. axb5 axb5 24. Ra6 Rf4 25. g3 Rf5 26. Nfd2 Ref8 27. Qg4 Nd8 28. Rea1 Qd7 29. Ra7 Qe8 30. Nxd6 Rg5 31. Qxg5 Bxg5 32. Nxe8 Bxd2 33. Rxg7+ Kh8 34. Re7 Bxc3 35. Ra8 Bxb4 36. Rxe5 Bc5 37. Rxd8 Bxf2+ 38. Kg2 c3 39. Rc8 Bd4 40. Re4 b4 41. Rxd4 Rxe8 42. Rxe8+ Kg7 43. Rb8 c2 44. Rc8 b3 45. Rb4 b2 46. Rxb2 c1=Q 47. Rxc1 Kf6 48. Re1 1-0


[Site "https://www.chess.com"]

[Event "Titled Tuesday Blitz December 13 Early 2022"]
[White "Aradhya, Garg"]
[Black "Taboas Rodriguez, Daniel"]
[WhiteFideId "25006746"]
[BlackFideId "2208466"]
[WhiteElo "2278"]
[BlackElo "2329"]
[Result "0-1"]
[Round "08"]
[TimeControl "180+1"]
[Date "2022.12.14"]
[WhiteClock "0:00:20"]
[BlackClock "0:00:15"]

1. d4 b5 2. e4 Bb7 3. Bxb5 Bxe4 4. Nf3 Nf6 5. Nc3 Bb7 6. O-O e6 7. Ne5 Be7 8. Qd3 O-O 9. Qg3 d6 10. Nf3 Ne4 11. Nxe4 Bxe4 12. c3 Nd7 13. Re1 Bg6 14. d5 Rb8 15. dxe6 Rxb5 16. exd7 Qxd7 17. Nd4 Rb6 18. h4 Bf6 19. Nf3 Re8 20. Bg5 Bxg5 21. Qxg5 Rxb2 22. Rxe8+ Qxe8 23. Re1 Qb8 24. h5 h6 25. Qg4 Bd3 26. Re7 Re2 27. Qd7 Rxe7 28. Qxe7 Qb1+ 29. Kh2 Qxa2 30. Qxc7 Qxf2 31. Qc8+ Kh7 32. Qd7 Qc5 33. Qxf7 Qxc3 34. Qxa7 Qf6 35. Qe3 Bf5 36. Qf4 d5 37. Nd4 Be4 38. Qxf6 gxf6 39. Kg3 Kg7 40. Kf4 Bxg2 41. Nf5+ Kh7 42. Ne7 Be4 43. Ke3 Kg7 44. Kd4 Kf7 45. Nxd5 Bxd5 46. Kxd5 Ke7 47. Kd4 Kd6 48. Ke4 Ke6 49. Kf4 f5 50. Kf3 Ke5 51. Ke3 f4+ 52. Kd3 Kf5 53. Ke2 Kg4 54. Kf2 Kxh5 55. Kf3 Kg5 56. Kf2 Kg4 57. Kg2 f3+ 58. Kf2 Kf4 59. Kf1 Kg3 60. Kg1 f2+ 61. Kh1 f1=Q# 0-1


[Site "https://www.chess.com"]